 Dungeon Crawl Stone Soup version 0.21.0-30-g47ce8e4 (webtiles) character file.

375 Monsterracer the Sneak (level 6, -9/28 HPs)
             Began as a Spriggan Enchanter on Jan 28, 2018.
             Was an Initiate of Ashenzari.
             Killed by divine providence
             ... invoked by an orc priest
              (14 damage)
             ... on level 4 of the Dungeon.
             The game lasted 00:10:16 (4763 turns).

Monsterracer the Sneak (Spriggan Enchanter)         Turns: 4763, Time: 00:10:17

Health: -9/28      AC:  3    Str:  4    XL:     6   Next: 44%
Magic:  12/15      EV: 18    Int: 19    God:    Ashenzari [......]
Gold:   203        SH:  0    Dex: 16    Spells: 8/16 levels left

rFire    . . .     SeeInvis +   b - +1 rapier (curse)
rCold    . . .     Gourm    .   (shield restricted)
rNeg     . . .     Faith    .   j - +1 robe (curse)
rPois    .         Spirit   .   (helmet restricted)
rElec    .         Reflect  .   (no cloak)
rCorr    .         Harm     .   (gloves unavailable)
MR       +....                  (boots unavailable)
Stlth    +++.......             (no amulet)
HPRegen  0.09/turn              (no ring)
MPRegen  0.14/turn              (no ring)

@: very quick
A: very small, unfitting armour, see invisible, herbivore, speed 3, slow
metabolism 2
a: Curse Item, Renounce Religion


You were on level 4 of the Dungeon.
You worshipped Ashenzari.
Ashenzari was noncommittal.
You were not hungry.

You visited 1 branch of the dungeon, and saw 4 of its levels.

You collected 203 gold pieces.

Inventory:

Hand Weapons
 b - a cursed +1 rapier (weapon)
Armour
 j - a cursed +1 robe (worn)
Scrolls
 e - 3 scrolls of remove curse
 f - a scroll of blinking
 h - a scroll of enchant armour
 i - 4 scrolls of teleportation
 n - a scroll of amnesia
 q - a scroll of enchant weapon
Potions
 a - a potion of berserk rage {unknown}
 g - 2 potions of haste
 l - a potion of heal wounds
 m - a potion of cancellation
 o - 2 potions of lignification
 p - a potion of curing
Books
 d - a book of Maledictions

   Spells                             Type                      Level
   a - Corona                         Hexes                        1
   b - Ensorcelled Hibernation        Hexes/Ice                    2
   c - Confuse                        Hexes                        3
   d - Tukima's Dance                 Hexes                        3
   e - Dazzling Spray                 Conjuration/Hexes            3
Comestibles
 c - 8 rations


   Skills:
 + Level 3.3 Short Blades
 - Level 3.0 Dodging
 + Level 6.3 Stealth
 * Level 5.7 Spellcasting
 + Level 5.0 Hexes


You had 8 spell levels left.
You knew the following spells:

 Your Spells              Type           Power        Failure   Level  Hunger
b - Ensorcelled Hibernat  Hex/Ice        ###...       6%          2    None
c - Confuse               Hex            ###.....     4%          3    ##.....
d - Tukima's Dance        Hex            ###.....     4%          3    ##.....


Dungeon Overview and Level Annotations

Branches:
Dungeon (4/15)
 Temple: D:4-7

Altars:
Ashenzari
Fedhas
Kikubaaqudgha
Vehumet
Wu Jian
Yredelemnul


Innate Abilities, Weirdness & Mutations

You are very small and have problems with some larger weapons.
You are too small for most types of armour.
You have supernaturally acute eyesight. (SInv)
You are a herbivore.
You cover ground extremely quickly.
You need consume almost no food.


Message History

Aiming: Ensorcelled Hibernation
Press: ? - help, Shift-Dir - straight line, f/p - gnoll
Aim: a gnoll, wielding a club (chance to defeat MR: 53%)
The gnoll resists with significant effort.
The gnoll hits you with a club. The gnoll completely misses you.
You take 2 damage, and have 15/28 hp.
You now have 6/15 mp.
Casting: Ensorcelled Hibernation
Confirm with . or Enter, or press ? or * to list all spells.
Aiming: Ensorcelled Hibernation
Press: ? - help, Shift-Dir - straight line, f/p - gnoll
Aim: a gnoll, wielding a club (chance to defeat MR: 53%)
The gnoll looks drowsy...
The gnoll barely misses you.
You now have 4/15 mp.
The helpless gnoll fails to defend itself.
You impale the gnoll!!
You kill the gnoll!
The gnoll closely misses you.
You barely miss the gnoll.
You are feeling very hungry.
The gnoll closely misses you.
You hit the gnoll.
The gnoll is lightly wounded.
The gnoll hits you but does no damage.
You hit the gnoll but do no damage.
The gnoll is lightly wounded.
The gnoll completely misses you.
You hit the gnoll.
The gnoll is heavily wounded.
The gnoll closely misses you.
You hit the gnoll.
You kill the gnoll!
You see here a +0 robe.
There isn't anything to butcher here.
o - 2 blue potions
Things that are here:
an uncursed club; a gnoll corpse You butcher the gnoll corpse.
Things that are here:
an uncursed club; a chunk of flesh; a gnoll skeleton You eat one of the 9 rations.
That ration really hit the spot!
Curse which item? (4 remove curse scrolls left) (Esc to abort) (? for menu, Esc to quit)
Your +0 rapier glows black for a moment.
Your weapon hand is bound.
You are slightly bound.
Drop what? 16/52 slots (_ for help) (? for menu, Esc to quit)
You drop a +1 dagger.
Your magical contamination has completely faded away.
Key pressed, stopping explore.
Magic restored.
Key pressed, stopping explore.
Things that are here:
a +0 spear; a gnoll corpse; Health restored: 28; MP restored: 15
Found a stone staircase leading down.
Found a blossoming altar of Fedhas.
a - a yellow potion
q - 2 scrolls labeled IGUHIR KEYGROCSIRA
As you read the scroll labeled IGUHIR KEYGROCSIRA, it crumbles to dust.
It is a scroll of enchant weapon.
Your cursed +0 rapier glows red for a moment.
As you read the scroll of identify, it crumbles to dust.
o - 2 potions of lignification
Okay, then.
Key pressed, stopping explore.
An orc and an orc priest come into view.
There are monsters nearby!
An orc priest comes into view. It is wielding a flail.
An orc comes into view.
The orc priest shouts! x2; The orc shouts! x2
You start waiting.
The orc shouts! x2
You hit the orc priest but do no damage.
The orc priest hits you. The orc priest misses you.
You take 1 damage, and have 27/28 hp.
Casting: Ensorcelled Hibernation
Confirm with . or Enter, or press ? or * to list all spells.
Aiming: Ensorcelled Hibernation
Press: ? - help, Shift-Dir - straight line, f - orc priest
Aim: an orc priest (chance to defeat MR: 46%)
The orc priest resists with some effort.
The orc priest hits you.
You take 4 damage, and have 23/28 hp.
You now have 13/15 mp.
Casting: Ensorcelled Hibernation
Confirm with . or Enter, or press ? or * to list all spells.
Aiming: Ensorcelled Hibernation
Press: ? - help, Shift-Dir - straight line, f/p - orc priest
Aim: an orc priest (chance to defeat MR: 46%)
The orc priest resists with some effort.
The orc priest shouts!
The orc priest invokes the aid of Beogh against you.
Beogh smites you!
* * * LOW HITPOINT WARNING * * *
The orc priest barely misses you.
You take 11 damage, and have 12/28 hp.
MASSIVE DAMAGE!!
You now have 11/15 mp.
The orc priest mumbles some strange prayers to Beogh against you.
Pain shoots through your body!
* * * LOW HITPOINT WARNING * * *
You take 7 damage, and have 5/28 hp.
MASSIVE DAMAGE!!
The orc priest mumbles some strange prayers to Beogh against you.
Beogh smites you!
Ouch! That really hurt!
You die...

##.....## ###....).##.......##..
##...### ##...).#o.o.#...##..
###.##.## ##..#..[..o.##...##..
#.......###..###.....###..###..
#.#......#..## ##.o..##..## #..
#.#........## ##.......## ##..
#.#........## ##..(....## #...
#.#.........###.....(..# ##...
#.#..........#@..#.....####....
##...............##.....##......
#...#...........###........##...
#...............##.........###..
#>.....######.<...........## ###
#..##.## ###..#.....##.# #####.#
#.########### #.# ### ###


You could see 2 orc priests and 2 orcs.

Vanquished Creatures
  A human (D:3)
  A worker ant (D:4)
  A hound skeleton (D:4)
  7 gnolls
  7 adders
  An ooze (D:3)
  A dart slug (D:3)
  5 leopard geckos
  A ball python (D:3)
  2 giant cockroaches
  7 goblins
  2 hobgoblins
  5 jackals
  2 quokkas (D:3)
  8 bats
  3 frilled lizards
  2 goblin skeletons (D:3)
  8 kobolds
  6 rats
70 creatures vanquished.

Notes
Turn   | Place    | Note
-------+----------+-------------------------------------------
     0 | D:1      | Monsterracer the Spriggan Enchanter began the quest for the Orb.
     0 | D:1      | Reached XP level 1. HP: 9/9 MP: 5/5
    85 | D:1      | HP: 4/9 [hobgoblin/club (2)]
   201 | D:1      | HP: 2/9 [kobold/dagger (3)]
   523 | D:1      | Reached XP level 2. HP: 10/13 MP: 4/7
   527 | D:1      | Learned a level 2 spell: Ensorcelled Hibernation
  1251 | D:2      | Found an ornate altar of the Wu Jian Council.
  1264 | D:2      | Reached XP level 3. HP: 10/16 MP: 6/8
  1266 | D:2      | HP: 8/16 [giant cockroach (1)]
  1274 | D:2      | HP: 7/16 [giant cockroach (1)]
  1372 | D:2      | Reached skill level 5 in Stealth
  1527 | D:2      | HP: 8/16 [poisoned by an adder]
  1532 | D:2      | HP: 8/16 [poisoned by an adder]
  1537 | D:2      | HP: 7/16 [poisoned by an adder]
  1544 | D:2      | HP: 6/16 [poisoned by an adder]
  1550 | D:1      | HP: 5/16 [poisoned by an adder]
  1572 | D:2      | HP: 4/16 [kobold (1)]
  1573 | D:2      | HP: 1/16 [kobold (3)]
  1651 | D:2      | HP: 4/16 [kobold (1)]
  1679 | D:2      | Learned a level 3 spell: Confuse
  1683 | D:2      | Learned a level 3 spell: Tukima's Dance
  1933 | D:2      | HP: 7/16 [kobold/whip (5)]
  2313 | D:2      | Reached XP level 4. HP: 21/21 MP: 11/11
  2747 | D:3      | Found a shattered altar of Ashenzari.
  2797 | D:3      | Became a worshipper of Ashenzari the Shackled
  2908 | D:3      | HP: 10/21 [hobgoblin/club (1)]
  2975 | D:3      | HP: 10/21 [giant cockroach (1)]
  3175 | D:4      | Reached XP level 5. HP: 21/24 MP: 1/12
  3264 | D:3      | HP: 11/24 [quokka (3)]
  3270 | D:3      | HP: 7/24 [quokka (1)]
  3275 | D:3      | HP: 4/24 [quokka (4)]
  3931 | D:3      | Found an ancient bone altar of Kikubaaqudgha.
  4045 | D:3      | Found a runed door.
  4045 | D:3      | Noticed a human
  4059 | D:3      | Found a basalt altar of Yredelemnul.
  4068 | D:3      | Killed a human
  4068 | D:3      | Reached skill level 6 in Stealth
  4068 | D:3      | Reached skill level 5 in Spellcasting
  4068 | D:3      | Reached XP level 6. HP: 22/28 MP: 9/15
  4230 | D:4      | Found a radiant altar of Vehumet.
  4291 | D:4      | Reached skill level 5 in Hexes
  4569 | D:4      | Found a blossoming altar of Fedhas.
  4753 | D:4      | HP: 12/28 [orc priest/divine providence (11)]
  4760 | D:4      | HP: 5/28 [orc priest/nerve-wracking pain (7)]
  4763 | D:4      | Killed from afar by an orc priest

Skill      XL: |  1  2  3  4  5  6 |
---------------+-------------------+-----
Spellcasting   | 3 4 5 |  5.7
Hexes          | 4 5 |  5.0
Stealth        | 5 6 |  6.3
Short Blades   | 2 3 |  3.3
Dodging        | |  3.0

Action                   |  1- 3 |  4- 6 || total
-------------------------+-------+-------++-------
Melee: Dagger            |   179 |   148 ||   327
       Rapier            |       |    18 ||    18
 Cast: Corona            |    20 |     3 ||    23
       Ensorcelled Hiber |    13 |    26 ||    39
Invok: Curse Item        |       |     2 ||     2
  Use: Scroll            |       |    12 ||    12
 Stab: Sleeping          |     9 |    19 ||    28
  Eat: Ration            |       |     2 ||     2
Armor: Robe              |    16 |    24 ||    40
Dodge: Dodged            |   171 |   140 ||   311

Vault maps used:
D:1:      arrival_zaba_pyramid
D:2:      nicolae_overflow_crystal_walls
D:3:      kiku_gazebo_pond_becter, old_standard_altar, st_stairs_13,
          dk_yredelemnul_ordeal
D:4:      lemuel_crystal_altar, kennysheep_mini, lemuel_round_altar,
          first_ration, kennysheep_another_room, minmay_misc_feat_rows
